 Dungeon Crawl Stone Soup version 0.31-a0-1074-g0b22e4e0f1 (webtiles) character file.

Game seed: 6456936848904089502

358 Patattack the Firebug (level 6, -1/30 HPs)
             Began as a Vine Stalker Fire Elementalist on Nov 29, 2023.
             Was a Believer of Wu Jian.
             Slain by a wight
             ... wielding a +3 great sword
              (7 damage)
             ... on level 5 of the Dungeon on Dec 8, 2023.
             The game lasted 00:55:40 (4765 turns).

Patattack the Firebug (VSFE)                        Turns: 4765, Time: 00:55:41

Health: -1/30      AC:  9    Str: 11    XL:     6   Next: 64%
Magic:  0/11       EV:  5    Int: 17    God:    Wu Jian [**....]
Gold:   239        SH:  4    Dex: 14    Spells: 9/10 levels left

rFire   + . .        s - +3 whip (elec)
rCold   . . .        E - +0 buckler
rNeg    . . .        F - +0 chain mail
rPois   .            t - +0 helmet
rElec   .            J - scarf {+Inv}
rCorr   .            (no gloves)
SInv    .            (no boots)
Will    +....        (no amulet) Stlth
                     k - ring of protection from fire
HPRegen 1.05/turn    l - ring of willpower
MPRegen 0.12/turn

%: guardian spirit
@: no status effects
A: fangs 2, regeneration 1, magic shield, antimagic bite, no potion heal 2
a: Renounce Religion, Evoke Invisibility, Wall Jump


You were on level 5 of the Dungeon.
You worshipped Wu Jian.
Wu Jian was pleased with you.
You visited 1 branch of the dungeon, and saw 5 of its levels.

You collected 239 gold pieces.

Inventory:

Hand Weapons
 d - a +1 dagger of freezing
 f - a +2 short sword of venom
 s - a +3 whip of electrocution (weapon)
 u - a +0 club
 v - a +0 club
 z - a +1 dagger of holy wrath
Armour
 a - a +0 robe
 c - a +0 ring mail
 g - a +0 leather armour
 o - a +1 hat
 t - a +0 helmet (worn)
 w - a +2 robe of willpower
 y - a +0 scale mail
 E - a +0 buckler (worn)
 F - a +0 chain mail (worn)
 J - a scarf of invisibility (worn)
Jewellery
 k - a ring of protection from fire (left hand)
 l - a ring of willpower (right hand)
 q - the ring "Myxue" {rC+ Will+}
   (You found it on level 3 of the Dungeon)

   [ring of willpower]

   rC+:       It protects you from cold.
   Will+:     It increases your willpower.
Wands
 p - a wand of mindburst (5)
Scrolls
 h - a scroll of fear
 i - 2 scrolls of teleportation
 n - a scroll of noise {unknown}
 r - a scroll of revelation
 x - a scroll of amnesia {unknown}
 C - a scroll of immolation {unknown}
 H - a scroll of identify
 K - a scroll of enchant armour {unknown}
Potions
 b - a potion of magic
 e - 2 potions of curing
 m - a potion of attraction
 A - a potion of brilliance {unknown}
 D - a potion of haste {unknown}
 G - a potion of enlightenment {unknown}
 I - a potion of mutation {unknown}


   Skills:
 + Level 1.4 Fighting
 + Level 2.0 Short Blades
 + Level 1.2 Maces & Flails
 + Level 2.0 Armour
 + Level 2.0 Dodging
 + Level 3.0 Stealth
 + Level 0.3 Shields
 + Level 0.3 Unarmed Combat
 + Level 2.8 Spellcasting
 + Level 1.2 Conjurations
 * Level 4.2 Fire Magic
 + Level 0.9 Evocations


You had 9 spell levels left.
You knew the following spells:

 Your Spells              Type           Power      Damage    Failure   Level
a - Foxfire               Conj/Fire      44%        2x1d6     95%         1

Your spell library contained the following spells:

 Spells                   Type           Power      Damage    Failure   Level
 Scorch                   Fire           32%        2d6       92%         2
 Freeze                   Ice            8%         1d3       100%        1
 Frozen Ramparts          Ice            4%         1d1       100%        3
 Gell's Gravitas          Tloc           2%         N/A       100%        3
 Hailstorm                Conj/Ice       4%         3d4       100%        3
 Inner Flame              Hex/Fire       9%         N/A       100%        3
 Teleport Other           Tloc           2%         N/A       100%        3
 Volatile Blastmotes      Fire/Tloc      18%        2d11      100%        3
 Flame Wave               Conj/Fire      11%        2d6       100%        4
 Dispersal                Tloc           1%         N/A       100%        6
 Malign Gateway           Summ/Tloc      1%         N/A       100%        7
 Summon Horrible Things   Summ           1%         N/A       100%        8


Dungeon Overview and Level Annotations

Branches:
Dungeon (5/15)             Temple (0/1) D:5

Altars:
Ashenzari
Dithmenos
Elyvilon
Makhleb
Ru
Uskayaw
Wu Jian
Xom
Yredelemnul

Shops:
D:1 :   D:2 (   D:3 [


Innate Abilities, Weirdness & Mutations

You have extremely sharp teeth.
Your natural rate of healing is unusually fast.
When hurt, damage is shared between your health and your magic reserves.
Your bite disrupts and absorbs the magic of your enemies.
Potions cannot restore your health.


Message History

Your Armour skill increases to level 2!
You closely miss the phantom.
The phantom is lightly damaged.
The hound bites you but does no damage.
The phantom hits you but does no damage.
The sleepcap releases spores at you but does no damage.
The hound barely misses you.
You closely miss the phantom. Your bite misses the phantom.
The phantom is lightly damaged.
The phantom closely misses you. The hound bites you but does no damage.
The sleepcap releases spores at you but does no damage.
The phantom hits you but does no damage.
You hit the phantom. Lightning courses through the phantom!
Your bite misses the phantom.
The phantom is severely damaged.
The hound bites you. The sleepcap releases spores at you.
You are engulfed in a cloud of soporific spores!
You fall asleep.
The hound bites you but does no damage. The phantom hits you!
You wake up.
* * * LOW HITPOINT WARNING * * *
Blink to where?
Press: ? - help, Dir - move target
Okay, then.
Blink to where?
Press: ? - help, Dir - move target
As you read the scroll of blinking, it crumbles to dust.
The scorpion stings you but does no damage.
There are monsters nearby!
You hit the scorpion but do no damage. Your bite misses the scorpion.
The scorpion is moderately wounded.
The scorpion barely misses you. The wight hits you but does no damage.
You barely miss the scorpion.
You bite the scorpion, but do no damage.
The scorpion is moderately wounded.
The scorpion barely misses you. You block the wight's attack.
The scorpion stings you but does no damage.
You hit the scorpion.
The scorpion is heavily wounded.
The wight hits you with a +3 great sword!
You die...

########......# #######
#.#..... #§○§○.. ####
#...#.... #☼§§§○. #...
.....#####
#○§○§§.###§######...# #
#§§○§○§.W.§☼§○○..####
#°○§☼○.#hD☼○○°☼..### ###
#○§§§○fsz§§§§○§.... ...
#....$.#@§§☼°§○..########
########§☼☼○○°○.....hhD..
#°☼§§○○§[.########
#§§○§§§○..# #§§§☼§☼☼..#
###########


You could see a steam dragon, a phantom, a sleepcap, a scorpion, a hound and a
wight.

Vanquished Creatures
  A gnoll bouda (D:4)
  A hound (D:5)
  A sleepcap (D:5)
  Jessica (D:2)
  An orc wizard (D:4)
  Robin (D:2)
  5 adders
  6 gnolls
  4 worms
  2 dart slugs
  4 orcs (D:4)
  3 endoplasms
  A giant cockroach (D:2)
  18 goblins
  6 hobgoblins
  3 jackals (D:1)
  6 kobolds
  5 quokkas
  8 ball pythons
  7 bats
  2 frilled lizards
  4 rats
90 creatures vanquished.

Vanquished Creatures (others)
  15 foxfires
15 creatures vanquished.

Grand Total: 105 creatures vanquished

Notes
Turn   | Place    | Note
-------+----------+-------------------------------------------
     0 | D:1      | Patattack the Vine Stalker Fire Elementalist began the
                  | quest for the Orb.
     0 | D:1      | Reached XP level 1. HP: 9/9 MP: 4/4
   727 | D:1      | Reached XP level 2. HP: 11/13 MP: 4/6
   846 | D:1      | Reached XP level 3. HP: 16/16 MP: 0/7
  1156 | D:1      | Found Olio's Book Shop.
  1972 | D:2      | Found a basalt altar of Yredelemnul.
  2062 | D:2      | Noticed Robin
  2068 | D:2      | Reached skill level 1 in Armour
  2203 | D:2      | Reached skill level 1 in Short Blades
  2204 | D:2      | Found Zekoda's Antique Weapon Emporium.
  2208 | D:2      | Reached XP level 4. HP: 13/21 MP: 2/8
  2210 | D:2      | Found a faded altar of an unknown god.
  2246 | D:2      | Prayed at the altar of an unknown god.
  2246 | D:2      | Became a worshipper of the Wu Jian Council
  2246 | D:2      | Reached * piety under Wu Jian
  2307 | D:2      | Killed Robin
  2412 | D:2      | Noticed Jessica
  2424 | D:2      | Killed Jessica
  2463 | D:2      | Reached XP level 5. HP: 18/25 MP: 7/9
  2832 | D:3      | Found Meagy's Armour Shoppe.
  2840 | D:3      | Found a hide-covered altar of Uskayaw.
  2845 | D:3      | Found a broken altar of Ashenzari.
  2853 | D:3      | Found a sacrificial altar of Ru.
  2853 | D:3      | Found a shimmering altar of Xom.
  2855 | D:3      | Found a burning altar of Makhleb.
  2855 | D:3      | Found a shadowy altar of Dithmenos.
  2856 | D:3      | Found a white marble altar of Elyvilon.
  3014 | D:3      | Reached ** piety under Wu Jian
  3045 | D:3      | Identified the ring "Myxue" {rC+ Will+}
  3170 | D:3      | Reached skill level 1 in Fighting
  3961 | D:4      | Reached skill level 4 in Fire Magic
  3961 | D:4      | Reached XP level 6. HP: 30/30 MP: 5/10
  3981 | D:4      | Reached skill level 1 in Maces & Flails
  4566 | D:5      | Entered Level 5 of the Dungeon
  4682 | D:5      | Noticed a steam dragon
  4705 | D:5      | Found a staircase to the Ecumenical Temple.
  4765 | D:5      | Slain by a wight

Illustrated notes

Levels and vault maps discovered:
D:1:      reono_arrival_mine, layout_loops_corners, serial_shops, shop,
          serial_forest, infiniplex_forest_diagonal, infiniplex_forest_join,
          infiniplex_forest_clump_C, infiniplex_forest_lined_room_,
          infiniplex_forest_zigzag_1, infiniplex_forest_end_3,
          infiniplex_forest_lined_4_way, infiniplex_forest_zigzag_2,
          minmay_tall_x
D:2:      minmay_wonky_spiral, layout_basic,
          shapermc_ecumenical_altar_starsandcircs, serial_shops,
          nicolae_shop_advertising_works [nicolae_subvault_shop_adworks],
          basic_altar, uniq_robin, uniq_jessica
D:3:      layout_basic, grunt_temple_overflow_open, serial_shops,
          nicolae_shop_temple_entry_statues_fountains
D:4:      layout_basic
D:5:      cheibrodos_fzero, layout_rooms, minitemple, minmay_temple_entry_arrows

Skill      XL: |  1  2  3  4  5  6 |
---------------+-------------------+-----
Armour         | 1 2 |  2.0
Short Blades   | 1 2 |  2.0
Stealth        | 3 |  3.0
Fighting       | 1 |  1.4
Fire Magic     | 4 |  4.2
Maces & Flails | 1 |  1.2
Dodging        | 2 |  2.0
Shields        | |  0.3
Unarmed Combat | |  0.3
Spellcasting   | |  2.8
Conjurations   | |  1.2
Evocations     | |  0.9

Action                     |  1- 3 |  4- 6 || total
---------------------------+-------+-------++-------
  Melee: Unarmed           |    84 |       ||    84
         Bite              |   192 |    40 ||   232
         Dagger            |   314 |    44 ||   358
         Punch             |     7 |     1 ||     8
         Whip              |       |   129 ||   129
   Cast: Foxfire           |    15 |     1 ||    16
Ability: Whirlwind         |       |    53 ||    53
         Lunge             |       |    10 ||    10
  Evoke: Wand              |     1 |    17 ||    18
    Use: Scroll            |     3 |    14 ||    17
   Stab: Sleeping          |     1 |     2 ||     3
 Armour: Ring mail         |   105 |    33 ||   138
         Robe              |     3 |    12 ||    15
         Chain mail        |       |   155 ||   155
  Dodge: Dodged            |    89 |    74 ||   163
  Block: Buckler           |       |    26 ||    26

Table legend: (Time is in decaauts)
 A = Elapsed time spent in this place.
 B = Non-inter-level travel time spent in this place.
 C = Inter-level travel time spent in this place.
 D = Time resting spent in this place.
 E = Time spent auto-exploring this place.
 F = Levels seen in this place.
 G = Mean time per level.
                   A        B        C        D        E       F      G
               +--------+--------+--------+--------+--------+-----+--------+
         Total |   4777 |   4777 |      0 |     21 |    258 |   5 |  955.4 |
       Dungeon |   4777 |   4777 |      0 |     21 |    258 |   5 |  955.4 |
               +--------+--------+--------+--------+--------+-----+--------+

Top non-repeatable levels by time:
     D:1: 1736 daAuts
     D:2: 1030 daAuts
     D:4: 987 daAuts
     D:3: 909 daAuts
     D:5: 112 daAuts
